[Event "Ebbe Cup 48"]
[Site "Goteborgs Schackcentrum, Vegatan 20, Gothenburg, Sweden"]
[Date "2025.02.15"]
[Round "3.2"]
[White "Andren, Patrik"]
[Black "Green, David"]
[Result "1-0"]
[TimeControl "90 minutes + 30 seconds per move from move one"]
[WhiteFideId "1767135"]
[BlackFideId "1769332"]
[WhiteElo "1959"]
[BlackElo "1892"]

1. e4 c5 2. Nc3 Nc6 3. Bb5 Nd4 4. Bc4 g6 5. Nge2 Bg7 6. O-O d6 7. d3 Bg4 8. f3 Bd7 9. Nxd4 Bxd4+ 10. Kh1 Bg7 11. f4 e6 12. Qe1 a6 13. f5 Nf6 14. Qg3 Qc7 15. Bg5 O-O 16. Qh4 Qd8 17. Rf3 b5 18. Bb3 b4 19.
e5 bxc3 20. exf6 cxb2 21. Rb1 Bh8 22. Qh6 Bxf6 23. Rh3 Re8 24. Qxh7+ Kf8 25. fxg6 Qe7 26. Bh6+ 1-0

[Event "Ebbe Cup 48"]
[Site "Goteborgs Schackcentrum, Vegatan 20, Gothenburg, Sweden"]
[Date "2025.02.15"]
[Round "3.3"]
[White "Havner, Arvid"]
[Black "Madevan Vaishnavi, Yaashvan"]
[Result "0-1"]
[TimeControl "90 minutes + 30 seconds per move from move one"]
[WhiteFideId "1769308"]
[BlackFideId "1772180"]
[WhiteElo "1881"]
[BlackElo "1867"]

1. e4 c5 2. c3 d5 3. exd5 Qxd5 4. d4 g6 5. Nf3 Bg7 6. Na3 cxd4 7. Bc4 Qe4+ 8. Be3 Nh6 9. cxd4 O-O 10.
Nb5 Na6 11. Nc3 Qc6 12. Bb3 Bg4 13. Nd5 Qd7 14. O-O Nf5 15. Re1 e6 16. Nc3 Nxd4 17. Bxd4 Bxf3 18. Qxf3 Qxd4 19. Qxb7 Nc5 20.
Qf3 Nxb3 21. axb3 Rab8 22. Red1 Qb6 23. Rd7 a5 24. g3 Qxb3 25. Rxa5 Qxb2 26. Ne4 Rb3 27. Qf4 Rb4 28. Kg2 Qc2 29.
Kf3 Kh8 30. Rd2 Qb1 31. Re5 f5 32. Kg2 Rxe4 33. Rxe4 Qxe4+ 34. Qxe4 fxe4 35. Re2 Bd4 36. Rxe4 Rxf2+ 37. Kh3 e5 0-1

[Event "Ebbe Cup 48"]
[Site "Goteborgs Schackcentrum, Vegatan 20, Gothenburg, Sweden"]
[Date "2025.02.15"]
[Round "3.4"]
[White "Munuswamy, Shivakumar"]
[Black "Gustavsson, Ville"]
[Result "1-0"]
[TimeControl "90 minutes + 30 seconds per move from move one"]
[WhiteFideId "1788914"]
[BlackFideId "1792822"]
[WhiteElo "1586"]
[BlackElo "1884"]

1. e4 c6 2. d4 d5 3. e5 c5 4. dxc5 Nc6 5. f4 e6 6. Be3 Nge7 7. Nd2 Ng6 8. Ngf3 d4 9. Bf2 Bxc5 10.
g3 O-O 11. a3 b6 12. Nb3 Bb7 13. Bg2 f6 14. exf6 Qxf6 15. O-O Rad8 16. h4 Ba6 17. Re1 e5 18. h5 Nxf4 19. gxf4 Qxf4 20. Nbd2 Rde8 21. Ne4 d3 22. Bxc5 bxc5 23.
cxd3 Nd4 24. Nxd4 cxd4 25. Rc1 Rf5 26. Rc2 Qh4 27. Rf2 Rxh5 28. Nd6 Re6 29. Qf3 Qh2+ 30. Kf1 Bxd3+ 31. Qxd3 Rxd6 32.
Qc4+ Kh8 33. Rf8# 1-0

[Event "Ebbe Cup 48"]
[Site "Goteborgs Schackcentrum, Vegatan 20, Gothenburg, Sweden"]
[Date "2025.02.15"]
[Round "3.5"]
[White "Brodocz, Bartosz"]
[Black "Evertsson, David"]
[Result "1-0"]
[TimeControl "90 minutes + 30 seconds per move from move one"]
[WhiteFideId "21025894"]
[BlackFideId "1777424"]
[WhiteElo "1821"]
[BlackElo "1710"]

1. e4 c5 2. c3 Nf6 3. e5 Nd5 4. Bc4 Nb6 5. Bb3 d5 6. d4 Bf5 7. dxc5 Nc4 8. Bxc4 dxc4 9. Qxd8+ Kxd8 10.
Na3 Bd3 11. Be3 Nc6 12. O-O-O Ke8 13. f4 g6 14. Nf3 Bg7 15. Ne1 Be4 16. Nxc4 f6 17. exf6 Bxf6 18. Nd2 Bf5 19. Nef3 Kf7 20.
Nb3 Rad8 21. Nbd4 Be4 22. Rhf1 Kg7 23. Ne6+ Kf7 24.
Nxd8+ Nxd8 25. Ng5+ Bxg5 26. fxg5+ Ke6 27. Bd4 Re8 28. Rfe1 Kf5 29. g4+ Kf4 30. Rg1 e5 31. Rdf1+ Kxg5 32.
Be3+ Kh4 33. Bd2 Ne6 34. Rf7 h5 35. gxh5 gxh5 36. Rg3 Rd8 37. Rf6 Rxd2 38. Kxd2 Nxc5 39. b4 Nd7 40. Re6 Nb6 41.
Ke3 Bd5 42. Rh6 Bxa2 43. Rxb6 axb6 44. Ke4 b5 45. Kxe5 b6 46. Kd6 Bd5 47. Kc7 Bc4 48. Kxb6 Bf1 49. Rf3 Bc4 50. Rf4+ Kh3 51.
Rxc4 bxc4 52. Kc5 Kxh2 53. b5 h4 54. b6 h3 55. b7 Kg1 56. b8=Q h2 57. Qxh2+ Kxh2 58. Kxc4 Kg3 59. Kd5 Kf4 60.
c4 Kf5 61. c5 Kf6 62. Kd6 Kf7 63. Kd7 1-0

[Event "Ebbe Cup 48"]
[Site "Goteborgs Schackcentrum, Vegatan 20, Gothenburg, Sweden"]
[Date "2025.02.15"]
[Round "3.6"]
[White "Sivarama, Saadhvik"]
[Black "Bergdahl, Daniel"]
[Result "0-1"]
[TimeControl "90 minutes + 30 seconds per move from move one"]
[WhiteFideId "1773720"]
[BlackFideId "1780921"]
[WhiteElo "1657"]
[BlackElo "1818"]

1. e4 c6 2. Nc3 d5 3. Nf3 dxe4 4. Nxe4 Nf6 5. Qe2 Nxe4 6. Qxe4 Be6 7. Bc4 Bxc4 8. Qxc4 Nd7 9. d4 Nb6 10.
Qb3 e6 11. Be3 Qc7 12. Ne5 a5 13. O-O Bd6 14. c4 a4 15.
Qc2 Nd7 16. Nxd7 Qxd7 17. c5 Bc7 18. Rad1 O-O 19. Qd2 a3 20. b3 Qd5 21. Qb4 Rfb8 22. Qd2 e5 23. Qe2 Rd8 24. Qg4 Qd7 25. Qxd7 Rxd7 26. dxe5 Rad8 27.
Rxd7 Rxd7 28. Re1 Ba5 29. Rc1 Bc3 30. f4 Bb2 31. Rf1 Rd3 32. Kf2 Rc3 33. Rd1 g5 34. Rd8+ Kg7 35. e6 Rc2+ 36.
Rd2 Rxd2+ 37. Bxd2 fxe6 38. fxg5 Kg6 39. h4 Kh5 40. g3 Kg4 41. Be3 Be5 42. Kg2 Bxg3 43. h5 Be5 44. h6 Bb2 45.
Kf2 Kf5 46. Kf3 e5 47. Ke2 Bd4 48. Bd2 Bxc5 49. Kf3 e4+ 50. Ke2 e3 51. Bc3 Kxg5 52. Bg7 Kg6 53. Kf3 Be7 54. Kxe3 Bg5+ 55.
Kd4 Bxh6 56. Be5 Bg7 57. Bxg7 Kxg7 58. Ke5 Kf7 59. Kf5 Ke7 60. Ke5 h5 61. Ke4 Kd6 62. Kd4 h4 63. Ke3 Kc5 0-1

[Event "Ebbe Cup 48"]
[Site "Goteborgs Schackcentrum, Vegatan 20, Gothenburg, Sweden"]
[Date "2025.02.15"]
[Round "3.7"]
[White "Sreedvan, Shrishti"]
[Black "Gallardo, Guillermo"]
[Result "0-1"]
[TimeControl "90 minutes + 30 seconds per move from move one"]
[WhiteFideId "1773739"]
[BlackFideId "1773488"]
[WhiteElo "1519"]
[BlackElo "1773"]

1. e4 c6 2. d4 d5 3. exd5 cxd5 4. Nf3 Nc6 5. Be2 Bg4 6. O-O e6 7. h3 Bh5 8. Nc3 a6 9. Bf4 Nf6 10.
a3 b5 11. b4 Rc8 12. Qd3 Bg6 13. Qd2 Ne4 14. Nxe4 dxe4 15. Ne5 Qxd4 16. Nxg6 Qxd2 17. Bxd2 hxg6 18. Rac1 Nd4 19. Bd1 Be7 20.
c3 Nf5 21. Re1 Nd6 22. a4 Nc4 23. Bf4 e5 24. Bg3 f5 25. axb5 axb5 26. Bb3 f4 27. Bh2 Nd2 28. Bd5 Nc4 29.
Bxe4 Kf7 30. Red1 Rhd8 31. Rxd8 Rxd8 32. Bc6 Nd6 33. g3 g5 34. Re1 Kf6 35. Bf3 Rc8 36. Rc1 Nf5 37. Be2 Bxb4 38.
Bxb5 Rxc3 39. Rxc3 Bxc3 40. Kg2 Nd4 41. Bd3 f3+ 42. Kf1 Nb3 43. Kg1 Nd2 44. g4 e4 45. Bc2 Be5 46. Bd1 Bxh2+ 47. Kxh2 Ke5 48. Kg3 Nf1# 0-1

[Event "Ebbe Cup 48"]
[Site "Goteborgs Schackcentrum, Vegatan 20, Gothenburg, Sweden"]
[Date "2025.02.15"]
[Round "3.8"]
[White "Hitcher, Oscar"]
[Black "Hassinge, Ove"]
[Result "1-0"]
[TimeControl "90 minutes + 30 seconds per move from move one"]
[WhiteFideId "1746901"]
[BlackFideId "1774530"]
[WhiteElo "1712"]
[BlackElo "1655"]

1. e4 c5 2. a3 g6 3. Nf3 Bg7 4. Bc4 e6 5. O-O Ne7 6. c3 O-O 7. d4 cxd4 8. Nxd4 d5 9. exd5 Nxd5 10.
Bxd5 Qxd5 11. Be3 e5 12. Nb3 Rd8 13. N1d2 Nc6 14. Bg5 Re8 15. Re1 Be6 16. c4 Qd6 17. Qf3 Nd4 18. Nxd4 Qxd4 19.
b3 h6 20. Be3 Qd7 21. Ne4 Bf5 22. Rad1 Qc6 23. Nd6 Qxf3 24. gxf3 Re7 25. Nxf5 gxf5 26. Bc5 Ree8 27. Rd5 b6 28.
Bb4 Re6 29. Red1 a5 30. Bc3 e4 31. Bxg7 Kxg7 32. Rxf5 Kg6 33. fxe4 Rxe4 34. Rb5 Re6 35. f4 f5 36. Kf2 Rae8 37.
Re5 Rxe5 38. fxe5 Re6 39. Rd6 Kf7 40. Rd5 Kg6 41. Kf3 Kg5 42. b4 axb4 43. axb4 f4 44. c5 bxc5 45. bxc5 Kf5 46.
h4 h5 47. Rd4 Rxe5 48. Rxf4+ Kg6 49. Rc4 Re7 50. c6 Rc7 51. Ke4 Kf6 52. Kd5 Ke7 53. Rc5 Kd8 54. Kd6 Rh7 55. Re5 Rh6+ 56.
Kc5 Kc7 57. Re7+ Kc8 58. Kb6 Rh8 59. Ra7 1-0

[Event "Ebbe Cup 48"]
[Site "Goteborgs Schackcentrum, Vegatan 20, Gothenburg, Sweden"]
[Date "2025.02.15"]
[Round "3.9"]
[White "Hamsten, Martin"]
[Black "Laudinger, Christian"]
[Result "1/2-1/2"]
[TimeControl "90 minutes + 30 seconds per move from move one"]
[WhiteFideId "1780425"]
[BlackFideId "1774638"]
[WhiteElo "1669"]
[BlackElo "1626"]

1. e4 d6 2. d4 Nf6 3. Nc3 g6 4. Be3 a6 5. a4 Bg7 6. Nf3 O-O 7. Bc4 Nxe4 8. Nxe4 d5 9. Bxd5 Qxd5 10.
Nc3 Qd8 11. O-O h6 12. Re1 b6 13. Qd2 Kh7 14. h4 Bb7 15. h5 e6 16. hxg6+ fxg6 17. Ne5 Nd7 18. Nxd7 Qxd7 19. Re2 Rf5 20.
Rae1 Raf8 21. d5 exd5 22. Bd4 R8f7 23. Bxg7 Kxg7 24. Qd4+ Kh7 25. Re8 Rg7 26. Rb8 Bc8 27. Re5 Rxe5 28.
Qxe5 Re7 29. Qxd5 Qg4 30. Ne4 Qxe4 31. Qxe4 Rxe4 32. Rxc8 Re7 33. b4 Kg7 34. Ra8 Re1+ 35. Kh2 Rc1 36.
Rxa6 Rxc2 37. a5 bxa5 38. bxa5 Rxf2 39. Rc6 Ra2 40. Rxc7+ Kf6 41. Ra7 Kg5 42. a6 Kh5 43. Kg3 Kg5 44.
Kf3 h5 45. Ra8 h4 46. a7 Ra3+ 47. Ke4 Kg4 1/2-1/2

[Event "Ebbe Cup 48"]
[Site "Goteborgs Schackcentrum, Vegatan 20, Gothenburg, Sweden"]
[Date "2025.02.15"]
[Round "3.10"]
[White "Dahlin, Emil"]
[Black "Hernebring, Marten"]
[Result "0-1"]
[TimeControl "90 minutes + 30 seconds per move from move one"]
[WhiteFideId "1771035"]
[BlackFideId "1776894"]
[WhiteElo "1698"]
[BlackElo "1663"]

1. e4 e5 2. Nf3 Nc6 3. Bc4 Nf6 4. d3 Bc5 5. c3 a6 6. b4 Ba7 7. O-O d6 8. Nbd2 O-O 9. a4 Ne7 10.
Ba3 h6 11. Qb3 c6 12. d4 d5 13. exd5 cxd5 14. Be2 exd4 15. Nxd4 Re8 16. N2f3 Nf5 17. Rfe1 Be6 18. Bd3 Nd6 19.
b5 axb5 20. Bxb5 Nxb5 21. axb5 Bb6 22. Nxe6 fxe6 23. Rad1 Qc7 24. Nd4 Ne4 25. Bb4 Rad8 26. Rf1 Kh8 27. Nf3 Qf4 28. c4 dxc4 29.
Qxc4 Rxd1 30. Bd2 Rxf1+ 31. Kxf1 Nxd2+ 32. Nxd2 Qxf2# 0-1

[Event "Ebbe Cup 48"]
[Site "Goteborgs Schackcentrum, Vegatan 20, Gothenburg, Sweden"]
[Date "2025.02.15"]
[Round "3.11"]
[White "Gallon, John"]
[Black "Pettersson, Lennart"]
[Result "0-1"]
[TimeControl "90 minutes + 30 seconds per move from move one"]
[WhiteFideId "1783661"]
[BlackFideId "1791419"]
[WhiteElo "1651"]
[BlackElo "1691"]

1. e4 d5 2. exd5 Nf6 3. d4 Nxd5 4. c4 Nf6 5. Be2 Bf5 6. Nf3 e6 7. Bf4 Bb4+ 8. Bd2 Bxd2+ 9. Nbxd2 O-O 10. O-O c6 11. Nb3 Nbd7 12.
Nh4 Qe7 13. Nxf5 exf5 14. Bf3 Ne4 15. Qc2 Ndf6 16. Rfe1 Rfe8 17. Nc5 g6 18. Bxe4 fxe4 19. Nxe4 Nxe4 20. f3 Qb4 21. Rxe4 b5 22. c5 Rxe4 23. Qxe4 Qxb2 24.
Re1 Qd2 25. Re2 Qd1+ 26. Kf2 Rd8 27. Qxc6 Qxd4+ 28. Kg3 Rd5 29. Qe8+ Kg7 30. Qe4 0-1

[Event "Ebbe Cup 48"]
[Site "Goteborgs Schackcentrum, Vegatan 20, Gothenburg, Sweden"]
[Date "2025.02.16"]
[Round "4.1"]
[White "Christoforidis, Nicolas"]
[Black "Andren, Patrik"]
[Result "1/2-1/2"]
[TimeControl "90 minutes + 30 seconds per move from move one"]
[WhiteFideId "1789180"]
[BlackFideId "1767135"]
[WhiteElo "1886"]
[BlackElo "1959"]

1. d4 Nf6 2. Bf4 g6 3. Nf3 Bg7 4. Nc3 c5 5. e3 O-O 6. Be2 Qb6 7. O-O cxd4 8. exd4 Qxb2 9. Qd2 Qb6 10.
Rab1 Qd8 11. Rfe1 d6 12. Bd3 Nbd7 13. Ne4 Nb6 14. c3 Be6 15. Neg5 Bd5 16. Qe2 h6 17. Ne4 Bxe4 18. Bxe4 d5 19.
Bd3 e6 20. Ne5 Kh7 21. Rec1 Nfd7 22. Ng4 Nf6 23. g3 Nxg4 24. Qxg4 Rc8 25. h4 Qe8 26. h5 Nd7 27. hxg6+ fxg6 28.
Rxb7 Nf6 29. Qh3 Rf7 30. Rb3 Ne4 31. f3 Rxf4 32. gxf4 Bxd4+ 33. Kg2 Nxc3 34. Rb7+ Bg7 35. Qh5 Ne2 36.
Qxg6+ Qxg6+ 37. Bxg6+ Kxg6 38. Rxc8 Nxf4+ 39. Kf1 Bd4 40. Rg8+ Kf5 41. Rh7 h5 42. Rf7+ Ke5 43. Rg5+ Kd6 44.
Rxf4 Be3 45. Ra4 Bxg5 46. Rxa7 h4 47. Ke2 Bf4 48. Rh7 Bg3 49. Kd3 Kc5 50. a4 Kb4 51. Kd4 Kxa4 52. Rh6 1/2-1/2

[Event "Ebbe Cup 48"]
[Site "Goteborgs Schackcentrum, Vegatan 20, Gothenburg, Sweden"]
[Date "2025.02.16"]
[Round "4.2"]
[White "Madevan Vaishnavi, Yaashvan"]
[Black "Brodocz, Bartosz"]
[Result "0-1"]
[TimeControl "90 minutes + 30 seconds per move from move one"]
[WhiteFideId "1772180"]
[BlackFideId "21025894"]
[WhiteElo "1867"]
[BlackElo "1821"]

1. e4 c5 2. c3 g6 3. d4 cxd4 4. cxd4 d5 5. e5 Bg7 6. Nc3 a6 7. g3 f6 8. Bf4 Nc6 9. exf6 Nxf6 10.
Bg2 O-O 11. Nf3 Nh5 12. Be3 Bg4 13. h3 Bxf3 14. Bxf3 e6 15. O-O Nf6 16. Bg2 Ne8 17. Qg4 Qf6 18. Rae1 h5 19. Qe2 Nd6 20.
h4 Nf5 21. Bh3 Nfxd4 22. Bxd4 Nxd4 23. Bxe6+ Kh7 24. Qe3 Nf3+ 25. Kh1 Nxe1 26. Qxe1 Rae8 0-1

[Event "Ebbe Cup 48"]
[Site "Goteborgs Schackcentrum, Vegatan 20, Gothenburg, Sweden"]
[Date "2025.02.16"]
[Round "4.3"]
[White "Green, David"]
[Black "Hitcher, Oscar"]
[Result "1-0"]
[TimeControl "90 minutes + 30 seconds per move from move one"]
[WhiteFideId "1769332"]
[BlackFideId "1746901"]
[WhiteElo "1892"]
[BlackElo "1712"]

1. e4 e6 2. Nf3 d5 3. Nc3 dxe4 4. Nxe4 Nd7 5. d4 Ngf6 6. Nxf6+ Nxf6 7. Bd3 Be7 8. O-O O-O 9. Ne5 c5 10.
dxc5 Bxc5 11. Bg5 h6 12. Bh4 Be7 13. Qe2 Nd5 14. Bg3 Nb4 15. Bc4 Nc6 16. Nxc6 bxc6 17. Rfd1 Qb6 18. Be5 Bc5 19.
Rd2 a5 20. Qg4 g6 21. Qh4 f6 22. Qxh6 fxe5 23. Qxg6+ Kh8 24. Rd3 Bxf2+ 25. Kh1 Be3 26. Re1 e4 27. Rdxe3 Rf3 28. gxf3 Ra7 29.
Qe8+ Kh7 30. Qxc8 c5 31. Bxe6 Rg7 32. Bf5+ Kh6 33. Rxe4 Qxb2 34. Qd8 Qc3 35. Rh4# 1-0

[Event "Ebbe Cup 48"]
[Site "Goteborgs Schackcentrum, Vegatan 20, Gothenburg, Sweden"]
[Date "2025.02.16"]
[Round "4.4"]
[White "Gallardo, Guillermo"]
[Black "Havner, Arvid"]
[Result "1/2-1/2"]
[TimeControl "90 minutes + 30 seconds per move from move one"]
[WhiteFideId "1773488"]
[BlackFideId "1769308"]
[WhiteElo "1773"]
[BlackElo "1881"]

1. c4 c6 2. Nc3 d5 3. cxd5 cxd5 4. d4 Nf6 5. e3 Nc6 6. h3 Bf5 7. Bd3 Bxd3 8. Qxd3 e6 9. a3 Bd6 10.
Nf3 Rc8 11. O-O O-O 12. Bd2 Qe7 13. Rac1 Rfd8 14. Rfd1 e5 15. dxe5 Nxe5 16. Qe2 Nxf3+ 17. Qxf3 Qe5 18. g3 Ne4 19.
Be1 Bf8 20. Nxe4 dxe4 21. Qe2 Rxc1 22. Rxc1 h5 23. Bc3 Qf5 24. Kg2 Qd5 25. Bd4 a6 26. Qc4 f5 27. Qxd5+ Rxd5 28. Rc7 Rb5 29.
f3 exf3+ 30. Kxf3 g6 31. Rd7 Bh6 32. h4 Rb3 33. Rd8+ Kf7 1/2-1/2

[Event "Ebbe Cup 48"]
[Site "Goteborgs Schackcentrum, Vegatan 20, Gothenburg, Sweden"]
[Date "2025.02.16"]
[Round "4.5"]
[White "Bergdahl, Daniel"]
[Black "Munuswamy, Shivakumar"]
[Result "1-0"]
[TimeControl "90 minutes + 30 seconds per move from move one"]
[WhiteFideId "1780921"]
[BlackFideId "1788914"]
[WhiteElo "1818"]
[BlackElo "1586"]

1. e4 d6 2. d4 Nf6 3. Bc4 c6 4. Nc3 Nbd7 5. Nf3 e5 6. dxe5 dxe5 7. Qe2 Be7 8. Bg5 O-O 9. O-O-O b5 10.
Bb3 Qc7 11. Nh4 Nc5 12. Nf5 Nxb3+ 13. axb3 Bxf5 14. exf5 a5 15. Rhe1 h6 16. Bxf6 Bxf6 17. Ne4 Be7 18. Qg4 a4 19.
f6 g6 20. Rd7 Qa5 21. fxe7 Qxe1+ 22. Rd1 Qxd1+ 23. Kxd1 Rfb8 24. Nf6+ Kg7 25. e8=Q Rxe8 26. Nxe8+ Rxe8 27. bxa4 bxa4 28. Qxa4 Re6 29. Ke2 f5 30.
Qc4 Kf6 31. b4 g5 32. Qc5 e4 33. c4 f4 34. Qf8+ Kg6 35. Qg8+ Kf6 36. b5 cxb5 37. cxb5 Kf5 38. Qf7+ Rf6 39.
Qxf6+ 1-0

[Event "Ebbe Cup 48"]
[Site "Goteborgs Schackcentrum, Vegatan 20, Gothenburg, Sweden"]
[Date "2025.02.16"]
[Round "4.6"]
[White "Laudinger, Christian"]
[Black "Gustavsson, Ville"]
[Result "0-1"]
[TimeControl "90 minutes + 30 seconds per move from move one"]
[WhiteFideId "1774638"]
[BlackFideId "1792822"]
[WhiteElo "1626"]
[BlackElo "1884"]

1. f4 Nf6 2. Nf3 g6 3. e3 Bg7 4. c4 d6 5. d4 Bg4 6. Nc3 Nbd7 7. h3 Bxf3 8. Qxf3 c5 9. d5 Rb8 10.
Bd3 e6 11. O-O O-O 12. e4 e5 13. f5 Nh5 14. Kh2 h6 15. g3 a6 16. a4 Kh7 17. Be3 Bf6 18. h4 Ng7 19. Kg2 h5 20.
Rh1 Be7 21. Be2 Nf6 22. Qf2 Qd7 23. Raf1 Bd8 24. Bd3 Ba5 25. Bg5 Ng4 26. Qd2 Bxc3 27. bxc3 Qxa4 28. Be2 b5 29. Bxg4 hxg4 30.
h5 Nxh5 31. Qe2 Kg7 32. f6+ Kh7 33. Qxg4 Rh8 34. Rxh5+ gxh5 35. Qxh5+ Kg8 36. Bh6 Qc2+ 37. Kg1 Qxe4 38. Rf5 Qxf5 39.
Qxf5 Rxh6 40. g4 bxc4 41. g5 Rg6 42.
Kg2 Rd8 43. Kg3 a5 44. Kg4 a4 45. Qb1 a3 46. Qb7 Re8 47. Qa7 e4 48. Qxa3 Re5 49. Qa8+ Kh7 50. Qf8 Rexg5+ 51. Kh4 Rg4+ 52.
Kh5 R6g5# 0-1

[Event "Ebbe Cup 48"]
[Site "Goteborgs Schackcentrum, Vegatan 20, Gothenburg, Sweden"]
[Date "2025.02.16"]
[Round "4.7"]
[White "Evertsson, David"]
[Black "Sivarama, Saadhvik"]
[Result "1-0"]
[TimeControl "90 minutes + 30 seconds per move from move one"]
[WhiteFideId "1777424"]
[BlackFideId "1773720"]
[WhiteElo "1710"]
[BlackElo "1657"]

1. e4 c5 2. Nf3 d6 3. d4 cxd4 4. Nxd4 Nf6 5. Nc3 g6 6. Be3 Bg7 7. f3 O-O 8. Qd2 Nc6 9. O-O-O d5 10.
exd5 Nxd5 11. Nxc6 bxc6 12. Bd4 Nxc3 13. Qxc3 Bh6+ 14. Be3 Bxe3+ 15. Qxe3 Qc7 16. Bc4 Bb7 17. Qh6 Rfe8 18. h4 Qe5 19.
Rhe1 Qc5 20. Bxf7+ Kxf7 21. Qxh7+ Kf6 22. g4 Rf8 23. Rxe7 Qxe7 24. g5+ Kf5 25. Qxe7 Rae8 26. Qxb7 1-0

[Event "Ebbe Cup 48"]
[Site "Goteborgs Schackcentrum, Vegatan 20, Gothenburg, Sweden"]
[Date "2025.02.16"]
[Round "4.8"]
[White "Pettersson, Lennart"]
[Black "Sreedvan, Shrishti"]
[Result "0-1"]
[TimeControl "90 minutes + 30 seconds per move from move one"]
[WhiteFideId "1791419"]
[BlackFideId "1773739"]
[WhiteElo "1691"]
[BlackElo "1519"]

1. e4 c5 2. Nc3 d6 3. Nf3 Nc6 4. a3 Nf6 5. h3 e6 6. Bc4 d5 7. exd5 exd5 8. Ba2 Be6 9. O-O h6 10.
d4 Bd6 11. Re1 O-O 12. dxc5 Bxc5 13. b4 Bb6 14. b5 Ne7 15. Bb2 Nh5 16. a4 Ba5 17. Nd4 Nf4 18. Nxe6 Nxe6 19. Re5 d4 20.
Nd5 Nxd5 21. Bxd5 Qc7 22. Bxd4 Nxd4 23. Qh5 Nxc2 24. Rc1 Bd2 25. Rxc2 Qxc2 26. Re7 g6 27. Qe2 Qc1+ 28. Kh2 Bg5 29. Qd3 Kg7 30. Rxb7 Rae8 31. Be4 Qf4+ 32. Kg1 Rxe4 33. Qc3+ Bf6 0-1

[Event "Ebbe Cup 48"]
[Site "Goteborgs Schackcentrum, Vegatan 20, Gothenburg, Sweden"]
[Date "2025.02.16"]
[Round "4.9"]
[White "Hernebring, Marten"]
[Black "Hamsten, Martin"]
[Result "0-1"]
[TimeControl "90 minutes + 30 seconds per move from move one"]
[WhiteFideId "1776894"]
[BlackFideId "1780425"]
[WhiteElo "1663"]
[BlackElo "1669"]

1. e4 c6 2. d4 d5 3. Nc3 dxe4 4. Nxe4 Nf6 5. Nxf6+ exf6 6. c3 Bd6 7. Bd3 O-O 8. Qc2 Re8+ 9.
Ne2 h5 10. h3 b5 11. O-O Nd7 12. a4 b4 13. cxb4 Bxb4 14. Qxc6 Rb8 15. Bf4 Rb6 16. Qc2 Qe7 17. Nc3 Bb7 18.
Rfe1 Qxe1+ 19. Rxe1 Rxe1+ 20. Kh2 Nf8 21. Be2 Bxc3 22. bxc3 Rbb1 23. Kg3 h4+ 24. Kxh4 g5+ 25. Kg4 gxf4 26. Bf3 Bxf3+ 27. Kxf3 Ng6 28. Kg4 Rec1 29. Qe4 Rb8 30.
Qc6 Kg7 31. Qc7 Rh8 32. d5 Rh4+ 33. Kf3 Re1 34. g3 Ne5+ 35. Kg2 f3+ 36. Kh2 Ng4# 0-1

[Event "Ebbe Cup 48"]
[Site "Goteborgs Schackcentrum, Vegatan 20, Gothenburg, Sweden"]
[Date "2025.02.16"]
[Round "4.10"]
[White "Hassinge, Ove"]
[Black "Gallon, John"]
[Result "0-1"]
[TimeControl "90 minutes + 30 seconds per move from move one"]
[WhiteFideId "1774530"]
[BlackFideId "1783661"]
[WhiteElo "1655"]
[BlackElo "1651"]

1. e4 c6 2. d4 d5 3. f3 dxe4 4. fxe4 e5 5. Nf3 Bg4 6. Bc4 Bxf3 7. Qxf3 Qd7 8. dxe5 Na6 9. Be3 Bc5 10.
O-O Bxe3+ 11. Qxe3 Nh6 12. Nc3 O-O 13. Rad1 Qe7 14. Bxa6 bxa6 15. Kh1 Ng4 16. Qf4 Nxe5 17. b3 Rfd8 18.
Rxd8+ Rxd8 19. Rd1 Rxd1+ 20. Nxd1 Qd6 21. Qf1 Ng4 22. g3 Qxd1 23. Qxd1 Nf2+ 24. Kg2 Nxd1 25. Kf3 Kf8 26. e5 Ke7 27.
Kf4 Nc3 28. a4 Ke6 29. g4 h6 30. h4 g6 31. a5 c5 32. Ke3 Kxe5 33. Kd3 Nd5 34. c3 Nc7 35. c4 Ne6 36. Ke3 Nd4 37. b4 Nc2+ 0-1